AoeStats
← O grande

Nomad

503499691Analyzed
4v4 RM · 1mo ago on Aug 31, 2026· 22m 35s· 8 players
Game mode
Random Map
Map size
231×231
Population
200
Speed
Normal
Resources
Standard
Victory
Conquest
Starting age
Dark Age
Ending age
Imperial Age
RankedLock teamsTeams togetherTeam positionsShared explorationLock speedFull tech treeHidden civsTurbo modeCheats
Victory
Defeat
🇧🇷 Vietnamese · Brazil
1526
+8
🇧🇷 Burgundians · Brazil
1276
+18
🇧🇷 Persians · Brazil
1182
+22
🇧🇷 Berbers · Brazil
1060
+26
🇦🇷 Spanish · Argentina
1383
-21
🇻🇳 Mapuche · Vietnam
1335
-19
🇺🇸 Byzantines · United States
1332
-19
🇺🇸 Mongols · United States
1264
-16
Peppyzizzle25
3:09 Loom
13:19 Feudal Age
14:12 Double-Bit Axe
16:07 Stone Mining
18:25 Castle Age
16:38 Gold Mining
16:53 Horse Collar
17:49 Town Watch
18:51 Wheelbarrow
18:01 Town Watch
21:10 Hand Cart
NachoRZ
10:39 Loom
14:24 Feudal Age
15:33 Double-Bit Axe
19:41 Castle Age
21:49 Padded Archer Armor
22:00 Bow Saw
Valodimer
7:01 Loom
14:42 Feudal Age
19:05 Castle Age
17:18 Double-Bit Axe
20:54 Bow Saw
20:41 Gold Mining
R3laxer
4:48 Loom
16:04 Feudal Age
20:39 Castle Age
18:27 Double-Bit Axe
18:34 Gold Mining
19:15 Stone Mining
19:36 Fishing Lines
23:08 Bow Saw
23:36 Wheelbarrow
O grande
6:29 Loom
15:27 Feudal Age
16:02 Double-Bit Axe
16:02 Fishing Lines
21:08 Castle Age
19:39 Gold Mining
20:58 Fletching
21:19 Horse Collar
22:09 Bow Saw
22:00 Heavy Plow
22:37 Bodkin Arrow
[BRTIM] Tupi
4:21 Loom
12:37 Feudal Age
18:29 Forging
23:09 Castle Age
cardosoiury
4:55 Loom
11:47 Double-Bit Axe
15:07 Feudal Age
13:37 Fishing Lines
14:46 Gold Mining
16:18 Wheelbarrow
19:37 Castle Age
19:54 Gold Shaft Mining
19:18 Gillnets
20:32 Scale Barding Armor
20:37 Forging
20:10 Cavalier
20:51 Husbandry
21:46 Chain Barding Armor
22:49 Iron Casting
22:16 Horse Collar
Nordestino
8:25 Loom
13:38 Feudal Age
17:39 Castle Age
15:36 Double-Bit Axe
15:32 Horse Collar
16:05 Gold Mining
17:38 Scale Barding Armor
17:55 Bloodlines
20:36 Chain Barding Armor
22:38 Forging
Connection lost

Rejoining the realm…

Still unreachable

The connection could not be restored.

Session expired

The server has moved on; the page needs a fresh start.